[Event "Early-Titled-Tuesday-Blitz-April-02-2024"]
[Site "Chess.com"]
[Date "2024.04.02"]
[Round "4"]
[White "Hikaru"]
[Black "eljanov"]
[Result "1-0"]
[WhiteElo "3268"]
[BlackElo "2885"]
[TimeControl "180+1"]
[EndTime "8:37:38 PDT"]
[Termination "Hikaru won by resignation"]

1. d4 Nf6 2. Bg5 d5 3. e3 c6 4.
Bd3 Qb6 5. Qc1 Bg4 6. Nd2 e6 7. h3 Bh5 8. Ngf3 Nbd7 9. c4 Bg6 10. Bxg6 hxg6 11. Qc2 Be7 12. O-O O-O 13. c5 Qd8 14.
b4 Nh5 15. Bxe7 Qxe7 16. Ne5 g5 17. Rab1 a6 18. a4 Nhf6 19. Nxd7 Nxd7 20. b5 axb5 21.
axb5 e5 22. bxc6 bxc6 23. Rb7 Qe6 24. Nf3 e4 25. Nxg5 Qf5 26. Nf3 Ra6 27. Rfb1 Rfa8 28. Nh2 Nf6 29. Nf1 Ra2 30. R7b2 Rxb2 31. Rxb2 Qd7 32.
Qb1 Qa7 33. Rb7 Qa1 34. Qxa1 Rxa1 35. g4 g6 36. Kg2 Nh7 37. Rb6 Ng5 38. Nh2 1-0

[Event "Early-Titled-Tuesday-Blitz-April-02-2024"]
[Site "Chess.com"]
[Date "2024.04.02"]
[Round "4"]
[White "2346PL"]
[Black "scarabee43"]
[Result "0-1"]
[WhiteElo "2535"]
[BlackElo "2809"]
[TimeControl "180+1"]
[EndTime "8:37:40 PDT"]
[Termination "scarabee43 won by resignation"]

1. d4 Nf6 2. Bg5 d5 3. e3 e6 4. Nf3 Be7 5. Bd3 Nbd7 6. Nbd2 c5 7. c3 h6 8. Bh4 g5 9. Bg3 Nh5 10.
Ne5 Nxg3 11. hxg3 Nxe5 12. dxe5 Bd7 13. f4 Qb6 14. Qb3 c4 15. Qxb6 axb6 16. Bc2 b5 17.
a3 b4 18. cxb4 gxf4 19. gxf4 Bxb4 20. Ke2 Bc5 21. Nf3 Ke7 22. Rh2 b5 23. Rah1 b4 24.
axb4 Bxb4 25. Rxh6 Rxh6 26. Rxh6 Ra2 27. f5 exf5 28. Nd4 Rxb2 29. Kf3 Bc5 30. Nxf5+ Bxf5 31. Bxf5 Rb3 32. Rc6 Rxe3+ 33. Kf4 Bd4 34. Rc7+ Kf8 35. Rc8+ Kg7 36. g4 Rxe5 37. g5 Re1 38. Rd8 Be3+ 39. Kg4 d4 40. Rd7 Rg1+ 41. Kf3 Rf1+ 42. Ke4 Bxg5 43.
Rxd4 Rf4+ 44. Ke5 f6+ 45. Kd5 Rxf5+ 46. Kxc4 Rf4 0-1

[Event "Early-Titled-Tuesday-Blitz-April-02-2024"]
[Site "Chess.com"]
[Date "2024.04.02"]
[Round "4"]
[White "FredddieCroderg"]
[Black "TrompeterImEther"]
[Result "0-1"]
[WhiteElo "2349"]
[BlackElo "2545"]
[TimeControl "180+1"]
[EndTime "8:37:40 PDT"]
[Termination "TrompeterImEther won by resignation"]

1. d4 Nf6 2. c4 e6 3. Nf3 c5 4.
d5 exd5 5. cxd5 d6 6. Nc3 g6 7. Bf4 Bg7 8. e3 O-O 9. h3 Na6 10. Be2 Nc7 11. O-O Rb8 12. a4 a6 13. a5 b5 14.
axb6 Rxb6 15. Ra2 Re8 16. Bh2 Bb7 17. Nd2 Nfxd5 18. Nc4 Nxc3 19. bxc3 Nd5 20. Nxb6 Qxb6 21. Bf3 Nxc3 22. Qxd6 Qxd6 23. Bxd6 Bxf3 24. Rxa6 Be2 25. Rfa1 Bxa6 26. Rxa6 Rc8 27. f4 c4 28. e4 Nxe4 0-1

[Event "Early-Titled-Tuesday-Blitz-April-02-2024"]
[Site "Chess.com"]
[Date "2024.04.02"]
[Round "4"]
[White "Iball95"]
[Black "DreamsAreFake"]
[Result "1-0"]
[WhiteElo "2943"]
[BlackElo "2742"]
[TimeControl "180+1"]
[EndTime "8:37:41 PDT"]
[Termination "Iball95 won by resignation"]

1. e4 c6 2. d4 d5 3. exd5 cxd5 4. c4 Nf6 5. Nc3 g6 6. cxd5 Bg7 7. Bc4 O-O 8. Nf3 Nbd7 9. O-O Nb6 10. Bb3 Nbxd5 11.
Re1 Bg4 12. h3 Bxf3 13. Qxf3 Nxc3 14. bxc3 e6 15. Bg5 h6 16. Bh4 b6 17. Rad1 g5 18. Bg3 Rc8 19. c4 Ne8 20. d5 exd5 21. cxd5 Nd6 22.
Ba4 Rc3 23. Re3 Rxe3 24. Qxe3 Nf5 25. Qd3 Nxg3 26. Qxg3 Qb8 27. d6 Rd8 28. Qd3 Qc8 29.
d7 Qc3 30. Qd5 Qf6 31. Re1 Bf8 32. Re8 Kg7 33. Rxd8 Qxd8 34. Bb3 Be7 35. Qxf7+ Kh8 36. Bc2 1-0

[Event "Early-Titled-Tuesday-Blitz-April-02-2024"]
[Site "Chess.com"]
[Date "2024.04.02"]
[Round "4"]
[White "VD_coach"]
[Black "ValentinDragnev"]
[Result "1/2-1/2"]
[WhiteElo "2572"]
[BlackElo "2722"]
[TimeControl "180+1"]
[EndTime "8:37:41 PDT"]
[Termination "Game drawn by repetition"]

1. d4 Nf6 2. c4 g6 3. Nf3 Bg7 4. g3 b6 5. Bg2 Bb7 6. O-O O-O 7.
Nc3 Ne4 8. Nxe4 Bxe4 9. Be3 c5 10.
Qd2 cxd4 11. Bxd4 Nc6 12. Bxg7 Kxg7 13. Rfd1 d6 14. Rac1 Rc8 15. b3 Qd7 16. Qe3 Bxf3 17. exf3 Ne5 18. Re1 Nc6 19. Rcd1 Rfe8 20. f4 Kg8 21. h4 Nb4 22. Qd2 Na6 23. h5 gxh5 24. Qe2 Rc5 25. Bd5 e6 26. Qxh5 Kh8 27. Qh6 exd5 28.
Qf6+ Kg8 29. Qg5+ Kf8 30. Qh6+ Kg8 31. Qg5+ Kh8 32. Qf6+ Kg8 33. Qg5+ 1/2-1/2

[Event "Early-Titled-Tuesday-Blitz-April-02-2024"]
[Site "Chess.com"]
[Date "2024.04.02"]
[Round "4"]
[White "slorovel"]
[Black "Darkdefense15"]
[Result "0-1"]
[WhiteElo "2617"]
[BlackElo "2339"]
[TimeControl "180+1"]
[EndTime "8:37:41 PDT"]
[Termination "Darkdefense15 won by checkmate"]

1. g3 Nf6 2. Bg2 d5 3. d4 e6 4. Nf3 c5 5. dxc5 Bxc5 6. O-O O-O 7. b3 Nc6 8. Bb2 Qe7 9. Nbd2 e5 10. e3 Bg4 11. h3 Bh5 12. g4 Bg6 13. Nh4 Rfd8 14. a3 a5 15. Nxg6 hxg6 16. Qe2 Rac8 17. Rfe1 Ba7 18. Rac1 Bb8 19. Nf3 e4 20. Nd4 Nxd4 21.
Bxd4 Qd6 22. Qd2 b6 23. Ra1 Nh7 24. Kf1 Ng5 25. Qe2 Qh2 26. Rec1 Nxh3 27. Bxh3 Qh1# 0-1

[Event "Early-Titled-Tuesday-Blitz-April-02-2024"]
[Site "Chess.com"]
[Date "2024.04.02"]
[Round "4"]
[White "carloseduar100"]
[Black "Lucky_Puncher"]
[Result "0-1"]
[WhiteElo "2197"]
[BlackElo "2498"]
[TimeControl "180+1"]
[EndTime "8:37:42 PDT"]
[Termination "Lucky_Puncher won on time"]

1. e4 c5 2. Nf3 d6 3. g3 Nf6 4.
Bg2 g6 5. O-O Bg7 6. d3 O-O 7.
Nc3 Nc6 8. Re1 Rb8 9. a3 b5 10. h3 b4 11. axb4 cxb4 12. Nd5 Nxd5 13. exd5 Nd4 14.
Nxd4 Bxd4 15. Be3 Bxb2 16. Rxa7 Bc3 17. Bd2 Qb6 18. Rexe7 Bb7 19. Bxc3 bxc3 20. Ra4 Rfe8 21. Rxe8+ Rxe8 22. Re4 Ra8 23. Qe2 Kg7 24. Rc4 Ra1+ 25. Kh2 Qb1 26. g4 Bxd5 27. Rxc3 Qg1+ 28. Kg3 Qxg2+ 29.
Kh4 h6 30. Qe3 g5+ 31. Kh5 Rh1 32. Qd4+ Kh7 0-1

[Event "Early-Titled-Tuesday-Blitz-April-02-2024"]
[Site "Chess.com"]
[Date "2024.04.02"]
[Round "4"]
[White "Chessexplained"]
[Black "NewBornNow"]
[Result "1-0"]
[WhiteElo "2555"]
[BlackElo "2800"]
[TimeControl "180+1"]
[EndTime "8:37:45 PDT"]
[Termination "Chessexplained won by resignation"]

1. d4 d5 2. Nf3 e6 3. g3 Nf6 4.
Bg2 Be7 5. c4 O-O 6. Nc3 dxc4 7.
Ne5 c5 8. dxc5 Qxd1+ 9. Nxd1 Bxc5 10. O-O Nc6 11. Nxc4 Nd4 12. Nc3 Bb4 13. e3 Bxc3 14.
bxc3 Ne2+ 15. Kh1 Nxc3 16. Ba3 Rd8 17. Rfc1 Nce4 18. Kg1 Bd7 19. Be7 Rdc8 20. Bxf6 Nxf6 21. Bxb7 Rxc4 22. Rxc4 Rb8 23. Rc7 Kf8 24. Bf3 a5 25. Rd1 Ke8 26. Bc6 Bxc6 27. Rxc6 Rb2 28. Rc8+ Ke7 29.
Rc7+ Ke8 30. Ra7 Rxa2 31. Rb1 Nd7 32. Rbb7 Rd2 33. Rxa5 Ke7 34. Raa7 g5 35. g4 e5 36. h3 Ke6 37. Ra6+ Ke7 38. Rh6 1-0

[Event "Early-Titled-Tuesday-Blitz-April-02-2024"]
[Site "Chess.com"]
[Date "2024.04.02"]
[Round "4"]
[White "IshviAggarwal"]
[Black "Josgar05"]
[Result "0-1"]
[WhiteElo "2157"]
[BlackElo "2346"]
[TimeControl "180+1"]
[EndTime "8:37:46 PDT"]
[Termination "Josgar05 won by resignation"]

1. e4 g6 2. d4 Bg7 3. c4 c6 4.
Nc3 c5 5. d5 d6 6. f4 Nf6 7.
Nf3 O-O 8. Be2 e6 9. O-O exd5 10. exd5 Re8 11. h3 a6 12. g4 Nbd7 13. Bd3 b5 14.
cxb5 axb5 15. Bxb5 Bb7 16. Bc6 Qb6 17. Bxb7 Qxb7 18. f5 Ne5 19. fxg6 hxg6 20. Bg5 Nxf3+ 21.
Qxf3 Nh7 22. Bh4 Re3 23. Qxe3 Bd4 24. Qxd4 cxd4 25. Ne4 Qxd5 26. Nf6+ Nxf6 27. Bxf6 Rxa2 28. Rxa2 Qxa2 29. Re1 Qa8 30. Bxd4 Kf8 31. Bf6 Qf3 32. Be7+ Kg7 33. Bxd6 Qxh3 34. Be5+ f6 35. Bc3 Qxg4+ 36. Kh2 Kf7 37. Re3 Qf4+ 38. Rg3 f5 39. Kg2 Qe4+ 40.
Kf2 g5 41. Rxg5 Qf4+ 42. Ke2 Qxg5 0-1

[Event "Early-Titled-Tuesday-Blitz-April-02-2024"]
[Site "Chess.com"]
[Date "2024.04.02"]
[Round "4"]
[White "Shiner22"]
[Black "RealPerangel"]
[Result "0-1"]
[WhiteElo "2317"]
[BlackElo "2527"]
[TimeControl "180+1"]
[EndTime "8:37:47 PDT"]
[Termination "RealPerangel won on time"]

1. e4 d5 2. exd5 Qxd5 3. Nc3 Qa5 4. d4 Nf6 5. Nf3 Bg4 6. h3 Bxf3 7. Qxf3 c6 8. Bc4 Nbd7 9. O-O e6 10. Bd2 Qb6 11. Qd3 Rd8 12. Na4 Qc7 13. Bb3 Bd6 14.
Rae1 O-O 15. c4 c5 16. Bc2 cxd4 17. Bg5 h6 18. Bxf6 Nxf6 19. f4 Bxf4 20. Kh1 Be3 21. Rxf6 g6 22. Ref1 Bg5 23. R6f3 f5 24. b4 e5 25. Qb3 e4 26. c5+ Kg7 27. R3f2 Be3 28. Rd2 Bxd2 0-1

[Event "Early-Titled-Tuesday-Blitz-April-02-2024"]
[Site "Chess.com"]
[Date "2024.04.02"]
[Round "4"]
[White "LLariMarc"]
[Black "Zkid"]
[Result "0-1"]
[WhiteElo "2422"]
[BlackElo "2886"]
[TimeControl "180+1"]
[EndTime "8:37:48 PDT"]
[Termination "Zkid won by checkmate"]

1. d4 d5 2. Nf3 Nf6 3. Bg5 c5 4. e3 cxd4 5. exd4 Ne4 6. Bf4 Nc6 7. Nbd2 Nxd2 8. Qxd2 Bf5 9. c3 e6 10. Bd3 Bxd3 11.
Qxd3 Bd6 12. Bxd6 Qxd6 13. O-O O-O 14. Rfe1 a6 15. Ne5 Nxe5 16. Rxe5 b5 17. Rae1 b4 18. Rh5 g6 19. Rh4 Kg7 20. Qh3 Rh8 21. Re3 bxc3 22.
bxc3 Rab8 23. g3 Rb2 24. Rf3 Rxa2 25. Rhf4 f5 26. Qh4 h6 27. Kg2 g5 28. Qh5 gxf4 29.
gxf4 Kf8 30. Qh4 Qe7 31. Qh5 Rg8+ 32. Rg3 Qf6 33. Rxg8+ Kxg8 34. Qe8+ Kh7 35. Kf3 Qg6 36. Qe7+ Qg7 37. Qxe6 Qg4+ 38. Ke3 Qe2# 0-1

[Event "Early-Titled-Tuesday-Blitz-April-02-2024"]
[Site "Chess.com"]
[Date "2024.04.02"]
[Round "4"]
[White "xiaopang123"]
[Black "Elegance_Riks"]
[Result "0-1"]
[WhiteElo "2313"]
[BlackElo "2781"]
[TimeControl "180+1"]
[EndTime "8:37:50 PDT"]
[Termination "Elegance_Riks won by resignation"]

1. d4 e6 2. c4 d5 3. Nf3 a6 4. g3 dxc4 5. Bg2 b5 6. Ne5 c6 7.
b3 Bb4+ 8. Bd2 Bxd2+ 9. Qxd2 cxb3 10. Nxc6 Qb6 11. Nxb8 Rxb8 12. axb3 Nf6 13. O-O O-O 14. Qa5 Qxd4 15. Nd2 Qb6 16. Nf3 Qxa5 17. Rxa5 Bb7 18. Ne5 Bxg2 19. Kxg2 Rb6 20. Rc1 Rd6 21. Nc6 Ra8 22.
f3 h5 23. e4 Rd2+ 24. Kg1 Rd3 25. Rca1 Rxf3 26. Rxb5 Nxe4 27. Rb7 Nc5 28. Rc7 Nxb3 29. Kg2 0-1

[Event "Early-Titled-Tuesday-Blitz-April-02-2024"]
[Site "Chess.com"]
[Date "2024.04.02"]
[Round "4"]
[White "Matrix3x3a"]
[Black "Binary010"]
[Result "1-0"]
[WhiteElo "2606"]
[BlackElo "2787"]
[TimeControl "180+1"]
[EndTime "8:37:50 PDT"]
[Termination "Matrix3x3a won on time"]

1. d4 Nf6 2. c4 e6 3. Nf3 b6 4. g3 Ba6 5. Qc2 c5 6. d5 exd5 7. cxd5 Bb7 8. Bg2 Nxd5 9. O-O Be7 10. Rd1 Nc6 11. Qf5 Nf6 12. e4 g6 13. Qf4 O-O 14. Nc3 Re8 15. e5 Nh5 16. Qa4 a6 17. Nd5 b5 18. Qg4 Ng7 19. h4 h5 20.
Qh3 Ne6 21. g4 hxg4 22. Qxg4 Ng7 23. Bf4 Nh5 24. Bh2 Na5 25. e6 dxe6 26. Nf4 Qb6 27. Nxg6 fxg6 28. Qxg6+ Ng7 29. Be5 Bf8 30. Rd7 1-0

[Event "Early-Titled-Tuesday-Blitz-April-02-2024"]
[Site "Chess.com"]
[Date "2024.04.02"]
[Round "4"]
[White "Mops_2004"]
[Black "WilsonPalencia21"]
[Result "1-0"]
[WhiteElo "2775"]
[BlackElo "2583"]
[TimeControl "180+1"]
[EndTime "8:37:51 PDT"]
[Termination "Mops_2004 won by resignation"]

1. Nf3 c5 2. e4 d6 3. d4 cxd4 4. Nxd4 Nf6 5. Nc3 g6 6. h3 Bg7 7.
g3 O-O 8. Bg2 Nc6 9. Be3 Nxd4 10. Bxd4 Be6 11. O-O Qa5 12. Re1 Nd7 13. Nd5 Bxd5 14.
Bxg7 Kxg7 15. exd5 Rfe8 16. Qd4+ Nf6 17. Re3 Rac8 18. c3 Qc5 19. Qd2 b5 20. a4 a6 21.
axb5 axb5 22. Ra3 e5 23. dxe6 Rxe6 24. Rxe6 fxe6 25. Ra6 Rd8 26. Qe2 e5 27. Rc6 Qa7 28. Qxb5 Rb8 29. Qc4 Ne8 30. b4 Rb7 31. Ra6 Rc7 32.
Rxa7 1-0

[Event "Early-Titled-Tuesday-Blitz-April-02-2024"]
[Site "Chess.com"]
[Date "2024.04.02"]
[Round "4"]
[White "Misterfox120"]
[Black "Andrei_Skvortsov"]
[Result "0-1"]
[WhiteElo "2406"]
[BlackElo "2693"]
[TimeControl "180+1"]
[EndTime "8:37:51 PDT"]
[Termination "Andrei_Skvortsov won by resignation"]

1. d4 Nf6 2. Nc3 d6 3. e4 e5 4.
dxe5 dxe5 5. Qxd8+ Kxd8 6. Bc4 Be6 7. Bxe6 fxe6 8. Nf3 Bd6 9. Be3 c6 10. O-O-O Ke7 11. h3 Nbd7 12. Nd2 b5 13. a4 a6 14. Nb3 Rhb8 15. Rd3 b4 16. Ne2 Nxe4 17. Rhd1 Ndc5 18.
Nxc5 Bxc5 19. Rd7+ Kf6 20. Bxc5 Nxc5 21. R7d6 b3 22. Rxc6 Rc8 23. Rdd6 bxc2 24. Nc3 Nd3+ 25. Rxd3 Rxc6 26. Kxc2 Rb8 27. Rf3+ Ke7 28. Re3 Rb4 29.
b3 e4 30. Kb2 Rcb6 31. Nxe4 Rxa4 32. Nc3 Rd4 33. Kc2 h5 34. Ne2 Rc6+ 35. Kb1 Rd2 36.
Nc3 Rxf2 0-1

[Event "Early-Titled-Tuesday-Blitz-April-02-2024"]
[Site "Chess.com"]
[Date "2024.04.02"]
[Round "4"]
[White "ViratKohl_i"]
[Black "cakeuvdort"]
[Result "0-1"]
[WhiteElo "2501"]
[BlackElo "2324"]
[TimeControl "180+1"]
[EndTime "8:37:53 PDT"]
[Termination "cakeuvdort won by resignation"]

1. e4 d6 2. d4 Nf6 3. Nc3 e5 4. Nf3 Nbd7 5. Rg1 g6 6. g4 Bg7 7. Be3 O-O 8. g5 Nh5 9. Be2 Re8 10. Qd2 Nf4 11. Bxf4 exf4 12. O-O-O c5 13. Qxf4 cxd4 14. Nxd4 Nc5 15. Ndb5 Be5 16. Qd2 Bxc3 17. Nxc3 Nxe4 18. Nxe4 Rxe4 19. Bf3 Rc4 20. Qxd6 Qxd6 21. Rxd6 Bf5 22. c3 Rf4 23. Bxb7 Rb8 24. Bd5 Rxf2 25. Bb3 a5 26. Ra6 Re8 27. Rxa5 Ree2 28. Ra7 Rxb2 29. Bxf7+ Kf8 0-1

[Event "Early-Titled-Tuesday-Blitz-April-02-2024"]
[Site "Chess.com"]
[Date "2024.04.02"]
[Round "4"]
[White "Jospem"]
[Black "superchess02"]
[Result "1-0"]
[WhiteElo "3065"]
[BlackElo "2851"]
[TimeControl "180+1"]
[EndTime "8:37:56 PDT"]
[Termination "Jospem won by resignation"]

1. e4 c5 2. Nf3 d6 3. c3 Nf6 4. h3 Nc6 5. Bd3 e6 6. Bc2 Be7 7. d4 O-O 8. O-O cxd4 9. cxd4 Nb4 10. Nc3 Nxc2 11. Qxc2 b6 12. Re1 Bb7 13. Qb3 Rc8 14. d5 exd5 15. exd5 Re8 16. Bf4 Bf8 17. Rxe8 Qxe8 18.
Rd1 Qd7 19. Bg3 Re8 20. Nd2 Qf5 21. Nf1 Ne4 22. Nb5 Nc5 23. Ne3 Qh5 24. Qc2 Ne4 25.
Bh2 g6 26. Nxa7 Bh6 27. Ng4 Bg7 28. f3 Nc5 29. Nc6 f5 30. Nf2 Qh4 31. b4 Nd7 32. Bxd6 Bh6 33. g3 Qh5 34. Kg2 Re3 35. g4 Qg5 36. Qc4 Bg7 37. Bf4 Qf6 38. Bxe3 1-0

[Event "Early-Titled-Tuesday-Blitz-April-02-2024"]
[Site "Chess.com"]
[Date "2024.04.02"]
[Round "4"]
[White "tactic"]
[Black "schachlana"]
[Result "1-0"]
[WhiteElo "2607"]
[BlackElo "2389"]
[TimeControl "180+1"]
[EndTime "8:37:58 PDT"]
[Termination "tactic won by resignation"]

1. e4 c5 2. Nf3 e6 3. d4 cxd4 4.
Nxd4 a6 5. c4 Qc7 6. Nc3 Nf6 7.
Be2 Be7 8. O-O O-O 9. f4 d6 10.
Be3 Nbd7 11. g4 Nc5 12. Bf3 e5 13. Nf5 Bxf5 14. exf5 e4 15. Bg2 Nd3 16. g5 Nd7 17. Bxe4 Nxb2 18. Qe2 Qxc4 19. Qxb2 Rac8 20. Rac1 b5 21.
Qb3 Rfe8 22. Rfe1 Bf8 23. Bd5 Qxb3 24. Bxb3 Nc5 25. Nd5 Nxb3 26. axb3 Rxc1 27. Rxc1 h6 28. gxh6 g6 29. fxg6 1-0

[Event "Early-Titled-Tuesday-Blitz-April-02-2024"]
[Site "Chess.com"]
[Date "2024.04.02"]
[Round "4"]
[White "ChessboArt"]
[Black "dianamirza"]
[Result "1-0"]
[WhiteElo "2286"]
[BlackElo "1973"]
[TimeControl "180+1"]
[EndTime "8:37:59 PDT"]
[Termination "ChessboArt won by resignation"]

1. Nf3 d5 2. g3 c6 3. Bg2 g6 4. d3 Bg7 5. O-O e5 6. Nbd2 Ne7 7. e4 d4 8. a4 O-O 9. h3 f5 10. Re1 Be6 11. exf5 gxf5 12. Nxe5 Bd5 13. Ndf3 Ng6 14. Bg5 Qb6 15. Qc1 Nxe5 16. Nxe5 Bxg2 17. Kxg2 c5 18. a5 Qd6 19. Bf4 Qd5+ 20. Kh2 Nc6 21. Nxc6 bxc6 22. Re7 Rfe8 23. Qe1 Rxe7 24. Qxe7 Qf3 25. Kg1 a6 26. Re1 Rf8 27. Qd7 Rf7 28. Re8+ Bf8 29. Qe6 Qh5 30.
Bd6 Kg7 31. Qe5+ Kg8 32. Qxc5 Qh6 33. Bxf8 Rxf8 34. Rxf8+ Qxf8 35. Qxf8+ Kxf8 36. Kg2 Ke7 37. Kf3 Kd6 38. Kf4 Kc5 39. Kxf5 Kb5 40. Ke5 Kxa5 41. Kxd4 1-0

[Event "Early-Titled-Tuesday-Blitz-April-02-2024"]
[Site "Chess.com"]
[Date "2024.04.02"]
[Round "4"]
[White "MalyDominator"]
[Black "Shield12"]
[Result "0-1"]
[WhiteElo "2619"]
[BlackElo "3020"]
[TimeControl "180+1"]
[EndTime "8:38:00 PDT"]
[Termination "Shield12 won on time"]

1. e4 g6 2. d4 Bg7 3. Nc3 d6 4. Nf3 a6 5. a4 Nf6 6. Be2 O-O 7. O-O Nc6 8. d5 Nb4 9. a5 e6 10. dxe6 Bxe6 11. Nd4 Bd7 12. Bg5 h6 13. Bh4 Re8 14. f3 d5 15. exd5 g5 16. Bf2 Nbxd5 17. Nxd5 Nxd5 18.
Bc4 Nf4 19. Re1 Qf6 20. c3 Rxe1+ 21. Qxe1 Re8 22. Qd2 Qd6 23. Re1 Rxe1+ 24. Qxe1 Bf6 25. Qe4 c5 26. Nb3 Bc6 27. Qe1 g4 28. Bxc5 Qd7 29.
Qd2 Qf5 30. Nd4 Bxd4+ 31. Qxd4 gxf3 32. Qd8+ Kh7 33. Qd1 Qxc5+ 0-1

[Event "Early-Titled-Tuesday-Blitz-April-02-2024"]
[Site "Chess.com"]
[Date "2024.04.02"]
[Round "4"]
[White "Louis-Paulsen-Fan"]
[Black "jcibarra"]
[Result "0-1"]
[WhiteElo "2279"]
[BlackElo "2965"]
[TimeControl "180+1"]
[EndTime "8:38:02 PDT"]
[Termination "jcibarra won by resignation"]

1. d4 Nf6 2. Nf3 d6 3. c4 g6 4.
Nc3 Bf5 5. d5 e5 6. dxe6 Bxe6 7.
Nd4 Bd7 8. e4 Bg7 9. Be2 O-O 10.
O-O Re8 11. f3 Nc6 12. Be3 Nh5 13. Nxc6 bxc6 14. g4 Nf6 15. Qd2 a5 16. Rad1 Qc8 17. h3 Rb8 18. b3 c5 19. Kg2 a4 20. bxa4 Bc6 21. Nb5 Ra8 22. a5 Nd7 23. Bd3 Ne5 24. Be2 Qb7 25. Bf4 Ra6 26. Rb1 Qc8 27. a4 Qd7 28. Bh6 Bh8 29. Bf4 Rea8 30. Bg3 Rxa5 31.
f4 Bxe4+ 32. Kh2 Nc6 33. Ra1 Bxa1 34. Rxa1 Rxa4 35. Rxa4 Rxa4 36. Bd3 Bxd3 37. Qxd3 Ra2+ 38. Kg1 Qe7 39. f5 Nd4 40. Bf2 Nxb5 41. cxb5 Qe2 42.
Qg3 0-1

[Event "Early-Titled-Tuesday-Blitz-April-02-2024"]
[Site "Chess.com"]
[Date "2024.04.02"]
[Round "4"]
[White "krstulov_alex"]
[Black "promen1999"]
[Result "0-1"]
[WhiteElo "2670"]
[BlackElo "2895"]
[TimeControl "180+1"]
[EndTime "8:38:04 PDT"]
[Termination "promen1999 won by resignation"]

1. d4 d6 2. Nf3 g6 3. c4 Bg7 4.
Nc3 Bg4 5. e4 Nc6 6. d5 Bxf3 7.
gxf3 Nd4 8. Be3 c5 9. dxc6 Nxc6 10.
Be2 Nf6 11. Qd2 O-O 12. h4 Rc8 13. f4 Na5 14. b3 b5 15. e5 dxe5 16. Qxd8 Rfxd8 17. fxe5 Nd7 18. Nxb5 Nxe5 19. Rd1 a6 20. Rxd8+ Rxd8 21. Nc7 Nac6 22. Nxa6 Nd4 23. Bxd4 Rxd4 24. Nc5 Nc6 25.
a3 Rd6 26. Rh3 Nd4 27. b4 f5 28. Rd3 e5 29. f3 Rc6 30. Kd1 Bf8 31. Nb3 Nxe2 32. Kxe2 Rxc4 33. Rd5 e4 34. fxe4 Rxe4+ 35. Kd3 Rxh4 36. b5 Bxa3 37. b6 Rb4 38. Rd8+ Kf7 39. Rd7+ Ke8 40. Rxh7 0-1

[Event "Early-Titled-Tuesday-Blitz-April-02-2024"]
[Site "Chess.com"]
[Date "2024.04.02"]
[Round "4"]
[White "falzehope0"]
[Black "Squirlolz"]
[Result "0-1"]
[WhiteElo "2378"]
[BlackElo "2594"]
[TimeControl "180+1"]
[EndTime "8:38:05 PDT"]
[Termination "Squirlolz won by checkmate"]

1. d4 c5 2. e3 g6 3. c3 Bg7 4.
Bd3 b6 5. f4 Bb7 6. Nf3 Nf6 7.
O-O d6 8. Nbd2 Nbd7 9. Qe1 Qc7 10. a3 O-O 11. f5 e5 12. fxg6 e4 13. gxh7+ Kh8 14. Nh4 exd3 15. Nf5 Nxh7 16. Nxg7 Kxg7 17. Qh4 Ndf6 18. Nf3 Rae8 19. Ng5 Be4 20. dxc5 Re5 21.
Nh3 dxc5 22. Rf4 Qc6 23. Qg3+ Kh8 24. Rh4 Rf5 25. Nf4 Rg8 26. Qh3 Rxf4 27. Rxf4 Bxg2 28. Qh4 Bh1+ 29. Kf1 Qg2+ 30. Ke1 Qe2# 0-1

[Event "Early-Titled-Tuesday-Blitz-April-02-2024"]
[Site "Chess.com"]
[Date "2024.04.02"]
[Round "4"]
[White "Iskusnyh"]
[Black "GoValya"]
[Result "1-0"]
[WhiteElo "2617"]
[BlackElo "2232"]
[TimeControl "180+1"]
[EndTime "8:38:06 PDT"]
[Termination "Iskusnyh won by resignation"]

1. d4 d5 2. c4 c6 3. Nf3 g6 4. cxd5 cxd5 5. Nc3 Bg4 6. Qa4+ Nc6 7. Ne5 Bd7 8. Nxd7 Qxd7 9. Bf4 Bg7 10. e3 a6 11. Be2 Nf6 12. O-O O-O 13. Rac1 b5 14.
Qd1 Rac8 15. a4 b4 16. Nb1 Qb7 17. Nd2 Nd7 18. Nb3 e6 19. Qd3 Ra8 20. Rc2 e5 21.
dxe5 Ncxe5 22. Qd2 Rfc8 23. Rfc1 Rxc2 24. Qxc2 Nb6 25. Na5 Qe7 26. Nc6 Nxc6 27. Qxc6 Qa7 28. b3 Bf8 29. a5 Nd7 30. Qxd5 Rd8 31. Rc7 Qb8 32. Rxd7 Rxd7 33. Qxd7 Qa8 34. Bc4 Qd5 35. Qxd5 1-0

[Event "Early-Titled-Tuesday-Blitz-April-02-2024"]
[Site "Chess.com"]
[Date "2024.04.02"]
[Round "4"]
[White "zsizsi99"]
[Black "Yan_Dyomin2010"]
[Result "0-1"]
[WhiteElo "2499"]
[BlackElo "2691"]
[TimeControl "180+1"]
[EndTime "8:38:07 PDT"]
[Termination "Yan_Dyomin2010 won on time"]

1. e4 c5 2. Nf3 Nc6 3. Bb5 Nf6 4. Qe2 g6 5. O-O Bg7 6. c3 O-O 7. d4 cxd4 8. cxd4 d5 9. e5 Ne4 10. Nc3 Nxc3 11. bxc3 Bg4 12. h3 Bxf3 13. Qxf3 Rc8 14.
Rb1 e6 15. Ba3 Re8 16. Bxc6 bxc6 17. Bd6 Qd7 18. c4 dxc4 19. Qc3 Bf8 20. Bxf8 Rxf8 21. Qxc4 Rfd8 22. Rb4 a5 23. Ra4 c5 24. dxc5 Rxc5 25.
Qxc5 Qxa4 26. Rc1 Qxa2 27. Qe7 Rf8 28. h4 Qb2 29. Re1 Qb4 30. Qxb4 axb4 31. Rb1 Rb8 32. Rb3 Kg7 33. f4 h6 34. Kf2 f5 35. Ke3 g5 36.
hxg5 hxg5 37. g3 Kg6 38. Kd4 Kh5 39. Kc5 gxf4 40. gxf4 Kg4 41. Kd6 Kxf4 42. Kxe6 Ke4 43. Kd6 f4 44. e6 f3 0-1

[Event "Early-Titled-Tuesday-Blitz-April-02-2024"]
[Site "Chess.com"]
[Date "2024.04.02"]
[Round "4"]
[White "tortorchess"]
[Black "KetiTsatsalashvili"]
[Result "1-0"]
[WhiteElo "2209"]
[BlackElo "2430"]
[TimeControl "180+1"]
[EndTime "8:38:07 PDT"]
[Termination "tortorchess won by checkmate"]

1. d4 Nf6 2. c4 e6 3. Nc3 d5 4. Nf3 c6 5. Bg5 h6 6. Bh4 Be7 7. e3 Nbd7 8. Bd3 O-O 9. O-O dxc4 10. Bxc4 Nd5 11. Bxe7 Qxe7 12. e4 Nxc3 13. bxc3 e5 14. Re1 Rd8 15. Qe2 exd4 16. cxd4 Nb6 17. Bb3 Bg4 18.
Rad1 Rd7 19. h3 Bxf3 20. Qxf3 Rad8 21. Qe3 Qb4 22. Qf4 a5 23. Rb1 Qxd4 24. Red1 Qf6 25. Rxd7 Nxd7 26. Qc7 Ne5 27. Qxb7 Qg6 28. Kh1 Qxe4 29.
Rf1 Qf5 30. Qe7 Rd2 31. Kg1 g6 32. Qe8+ Kg7 33. Qe7 Qg5 34. Qc7 Nf3+ 35. Kh1 Nh4 36. Qxf7+ Kh8 37. Qg8# 1-0

[Event "Early-Titled-Tuesday-Blitz-April-02-2024"]
[Site "Chess.com"]
[Date "2024.04.02"]
[Round "4"]
[White "Knightmare1014"]
[Black "martinmena"]
[Result "1-0"]
[WhiteElo "2345"]
[BlackElo "2155"]
[TimeControl "180+1"]
[EndTime "8:38:07 PDT"]
[Termination "Knightmare1014 won by checkmate"]

1. e4 c6 2. d4 d5 3. exd5 cxd5 4. Bd3 Nc6 5. c3 Qc7 6. Ne2 Bg4 7. f3 Bd7 8. Bf4 e5 9. dxe5 Nxe5 10. O-O Bd6 11. Bg3 Nf6 12. Bc2 O-O 13. Nd4 Nc4 14. Bxd6 Qxd6 15.
Qd3 Nxb2 16. Qe2 Nc4 17. Nd2 Ne5 18. Rad1 Rfe8 19. Qf2 Ng6 20. Nf5 Bxf5 21. Bxf5 Qe5 22. Bxg6 hxg6 23. c4 Qe2 24. cxd5 Nxd5 25. Ne4 Qxf2+ 26.
Rxf2 Ne3 27. Rd7 Rac8 28. Rfd2 f5 29. Rxb7 Rc1+ 30. Kf2 f4 31. Rdd7 Rf1+ 32. Ke2 Rg1 33. Rxg7+ Kh8 34. Rh7+ Kg8 35. Nf6+ Kf8 36. Rh8# 1-0

[Event "Early-Titled-Tuesday-Blitz-April-02-2024"]
[Site "Chess.com"]
[Date "2024.04.02"]
[Round "4"]
[White "VeraVujovic"]
[Black "Let_it_be_1"]
[Result "0-1"]
[WhiteElo "2223"]
[BlackElo "2557"]
[TimeControl "180+1"]
[EndTime "8:38:08 PDT"]
[Termination "Let_it_be_1 won on time"]

1. e4 e6 2. c4 d5 3. cxd5 exd5 4. exd5 Nf6 5. Nc3 Be7 6. Bc4 O-O 7. Nf3 Nbd7 8. O-O Nb6 9. Qb3 a6 10. a4 Nxc4 11. Qxc4 Bd6 12. d4 h6 13. Ne5 b5 14.
Qc6 Rb8 15. axb5 Bb7 16. Qc4 axb5 17. Nxb5 Bxd5 18. Qd3 Bxg2 19. Nxf7 Rxf7 20. Kxg2 Ng4 21. h3 Qh4 22. Nxd6 Rxf2+ 23. Kg1 Rbf8 24. Qb3+ Kh8 0-1